 Dungeon Crawl Stone Soup version 0.21-a0-344-g2144152 (webtiles) character file.

1166 tidbits the Charmwright (level 8, -2/63 HPs)
             Began as a Gnoll Skald on Oct 4, 2017.
             Slain by an ice beast (13 damage)
             ... on level 6 of the Dungeon.
             The game lasted 00:08:44 (1197 turns).

tidbits the Charmwright (Gnoll Skald)               Turns: 1197, Time: 00:08:44

Health: -2/63      AC: 12    Str: 12 (13) XL:     8   Next: 40%
Magic:  3/17       EV: 14    Int: 16 (17) God:
Gold:   142        SH:  0    Dex: 16      Spells: 8/19 levels left

rFire    . . .     SeeInvis .   a - +0 hand axe
rCold    . . .     Gourm    .   (no shield)
rNeg     . . .     Faith    .   B - +0 ring mail
rPois    +         Spirit   .   (no helmet)
rElec    .         Reflect  .   C - +2 cloak {rPois}
rCorr    .         Harm     .   G - +2 pair of gloves
MR       .....                  (no boots)
Stlth    ++........             (no amulet)
HPRegen  0.20/turn              (no ring)
MPRegen  0.15/turn              (no ring)

@: no status effects
A: distributed training, fangs 1, strong nose
a: no special abilities


You were on level 6 of the Dungeon.
You were very hungry.

You visited 1 branch of the dungeon, and saw 6 of its levels.

You collected 142 gold pieces.

Inventory:

Hand Weapons
 a - a +0 hand axe (weapon)
 r - a +4 scythe of slicing
   (You took it off Sigmund on level 5 of the Dungeon)
 t - a +3 quarterstaff of chaos
   (You took it off Crazy Yiuf on level 5 of the Dungeon)
Missiles
 k - 80 arrows
Armour
 B - a +0 ring mail (worn)
 C - a +2 cloak of poison resistance (worn)
   (You took it off Crazy Yiuf on level 5 of the Dungeon)
 G - a +2 pair of gloves (worn)
Wands
 m - a wand of random effects (27/48)
Scrolls
 e - 2 scrolls of immolation {unknown}
 f - 3 scrolls of remove curse {unknown}
 h - 2 scrolls of teleportation {unknown}
 i - 4 scrolls of identify {unknown}
 l - 3 scrolls of fear {unknown}
Potions
 n - a potion of flight
 s - a potion of cancellation {unknown}
Books
 c - a book of Battle

   Spells                             Type                      Level
   a - Infusion                       Charms                       1
   b - Shroud of Golubria             Charms/Translocation         2
   c - Song of Slaying                Charms                       2
   d - Spectral Weapon                Hexes/Charms                 3
   e - Regeneration                   Charms/Necromancy            3
Comestibles
 d - 4 bread rations
 g - a meat ration
 j - 2 fruits


   Skills:
 + Level 5.6 Fighting
 + Level 3.2 Short Blades
 + Level 3.2 Long Blades
 + Level 5.6 Axes
 + Level 3.2 Maces & Flails
 + Level 3.2 Polearms
 + Level 3.2 Staves
 + Level 3.2 Slings
 + Level 3.2 Bows
 + Level 3.2 Crossbows
 + Level 3.2 Throwing
 + Level 4.1 Armour
 + Level 5.6 Dodging
 + Level 3.2 Stealth
 + Level 3.2 Shields
 + Level 3.2 Unarmed Combat
 + Level 6.0 Spellcasting
 + Level 3.2 Conjurations
 + Level 3.2 Hexes
 + Level 7.3 Charms
 + Level 3.2 Summonings
 + Level 3.2 Necromancy
 + Level 3.2 Translocations
 + Level 3.2 Transmutations
 + Level 3.2 Fire Magic
 + Level 3.2 Ice Magic
 + Level 3.2 Air Magic
 + Level 3.2 Earth Magic
 + Level 3.2 Poison Magic
 + Level 3.2 Invocations
 + Level 3.2 Evocations


You had 8 spell levels left.
You knew the following spells:

 Your Spells              Type           Power        Failure   Level  Hunger
g - Shroud of Golubria    Chrm/Tloc      ###.......   4%          2    #......
i - Infusion              Chrm           ####         1%          1    None
r - Regeneration          Chrm/Necr      ###.......   10%         3    ##.....
w - Spectral Weapon       Hex/Chrm       ###.....     10%         3    ##.....
y - Song of Slaying       Chrm           ####....     2%          2    #......


Dungeon Overview and Level Annotations

Branches:
Dungeon (6/15)
 Temple: D:4-7

Altars:
Ru
Vehumet
Xom

Annotations:
D:6 exclusion: statue


Innate Abilities, Weirdness & Mutations

Your experience applies equally to all skills.
You have very sharp teeth.
Your uncanny sense of smell can sniff out nearby items.


Message History

The ice beast barely misses you.
You hit the sky beast but do no damage.
The sky beast is almost dead.
You hit the ice beast but do no damage. You barely miss the black bear.
The black bear bites you but does no damage.
The black bear claws you but does no damage. x2
The sky beast misses you. The ice beast barely misses you.
You barely miss the sky beast. Your bite misses the sky beast.
The sky beast is almost dead.
You hit the ice beast but do no damage. You hit the black bear.
The sky beast barely misses you.
The black bear bites you but does no damage.
The black bear barely misses you. The black bear misses you.
The ice beast hits you but does no damage.
Casting: Spectral Weapon
Confirm with . or Enter, or press ? or * to list all spells.
You draw out your weapon's spirit!
The sky beast barely misses you. The black bear misses you. x2
The black bear claws you but does no damage.
The ice beast closely misses you.
You slash the sky beast!
You kill the sky beast!
Your Spellcasting skill increases to level 6!
You hit the ice beast but do no damage. You hit the black bear.
The black bear bites you but does no damage.
The black bear closely misses you. The black bear misses you.
The ice beast hits you but does no damage.
You barely miss the orc wizard.
The orc wizard is lightly wounded.
You hit the black bear but do no damage.
You closely miss the ice beast.
Your spectral weapon hits the orc wizard but does no damage.
Your spectral weapon barely misses the black bear.
Your spectral weapon hits the ice beast but does no damage.
The black bear bites you but does no damage.
The black bear claws you but does no damage.
The black bear closely misses you. The ice beast closely misses you.
The orc wizard splashes around in the water.
You hit the orc wizard.
The orc wizard is heavily wounded.
You hit the black bear but do no damage.
You completely miss the ice beast.
Your spectral weapon hits the orc wizard!
You kill the orc wizard!
You hear a splash. x2
Your spectral weapon hits the ice beast.
Your spectral weapon hits the black bear.
The black bear bites you but does no damage.
The black bear claws you.
* * * LOW HITPOINT WARNING * * *
The black bear barely misses you.
The ice beast hits you but does no damage.
Your magical contamination has completely faded away.
You hit the black bear.
You bite the black bear, but do no damage.
The black bear is heavily wounded.
You hit the ice beast but do no damage. You hit something but do no damage.
Your spectral weapon hits the black bear.
Your spectral weapon hits the ice beast but does no damage.
Your spectral weapon hits something.
The black bear closely misses you.
The black bear claws you but does no damage.
The black bear misses you. Something hits you but does no damage.
Deactivating autopickup; reactivate with Ctrl-A.
The ice beast hits you but does no damage.
You hit the black bear. You bite the black bear.
The black bear is severely wounded.
You miss something. You hit the ice beast.
Your spectral weapon completely misses the black bear.
Your spectral weapon barely misses something.
Your spectral weapon barely misses the ice beast.
The black bear bites you.
* * * LOW HITPOINT WARNING * * *
The black bear misses you. The black bear closely misses you.
You hear a splashing noise.
The ice beast misses you.
The black bear bites you but does no damage.
The black bear claws you but does no damage. x2
You hit the black bear.
You bite the black bear, but do no damage.
The black bear is severely wounded.
You hit the ice beast but do no damage. You miss something.
Your spectral weapon hits the black bear.
Your spectral weapon hits something but does no damage.
Your spectral weapon barely misses the ice beast.
Something hits you but does no damage.
The ice beast hits you but does no damage.
The black bear barely misses you.
The black bear claws you but does no damage. x2
You hit the black bear.
You punch the black bear, but do no damage.
The black bear is almost dead.
You hit something but do no damage. You closely miss the ice beast.
Your spectral weapon hits the black bear but does no damage.
Your spectral weapon hits the ice beast.
Your spectral weapon misses something.
You hear a splashing noise.
The ice beast hits you.
* * * LOW HITPOINT WARNING * * *
The ice beast freezes you!
You die...

.# #.# #$#.8.#
##.#...# ##..#._.#
#...#...# #)h.#...#
.. # #@(.#...# ....
##..##Y{.##.##.o...
#Y.............o[..
#...####.>......#...
.o #........#
#........[...
#.............
#..........##.
#.........$#


You could see a black bear, an ice beast and a friendly spectral hand axe.

Vanquished Creatures
  The ghost of Hasart the Spear-Bearer, a novice OpFi (D:4)
  Sigmund (D:5)
  An orc warrior (D:6)
  A sky beast (D:6)
  2 scorpions
  A howler monkey (D:4)
  A jelly (D:5)
  2 orc wizards (D:6)
  Crazy Yiuf (D:5)
  A bullfrog skeleton (D:5)
  Natasha (D:2)
  A worker ant (D:5)
  A hound skeleton (D:4)
  A howler monkey skeleton (D:5)
  2 adders
  2 shadow imps (D:5)
  An ooze (D:4)
  A worm (D:2)
  5 leopard geckos
  4 orcs
  4 giant cockroaches
  3 goblins (D:1)
  3 hobgoblins
  4 jackals (D:5)
  3 kobolds
  A quokka (D:3)
  5 bats
  A frilled lizard (D:3)
  2 leopard gecko skeletons (D:5)
  A rat (D:1)
  2 fungi (D:5)
60 creatures vanquished.

Vanquished Creatures (others)
  2 spectral weapons (D:6)
2 creatures vanquished.

Grand Total: 62 creatures vanquished

Notes
Turn   | Place    | Note
-------+----------+-------------------------------------------
     0 | D:1      | tidbits the Gnoll Skald began the quest for the Orb.
     0 | D:1      | Reached XP level 1. HP: 20/20 MP: 6/6
    95 | D:1      | Reached XP level 2. HP: 26/26 MP: 3/7
    99 | D:1      | Learned a level 2 spell: Song of Slaying
   102 | D:1      | Learned a level 2 spell: Shroud of Golubria
   372 | D:2      | Noticed Natasha
   376 | D:2      | Reached XP level 3. HP: 20/31 MP: 2/9
   377 | D:2      | Reached skill level 5 in Spellcasting
   381 | D:2      | Killed Natasha
   381 | D:2      | Reached skill level 1 in Short Blades
   381 | D:2      | Reached skill level 1 in Long Blades
   381 | D:2      | Reached skill level 1 in Maces & Flails
   381 | D:2      | Reached skill level 1 in Polearms
   381 | D:2      | Reached skill level 1 in Staves
   381 | D:2      | Reached skill level 1 in Slings
   381 | D:2      | Reached skill level 1 in Bows
   381 | D:2      | Reached skill level 1 in Crossbows
   381 | D:2      | Reached skill level 1 in Throwing
   381 | D:2      | Reached skill level 1 in Stealth
   381 | D:2      | Reached skill level 1 in Shields
   381 | D:2      | Reached skill level 1 in Unarmed Combat
   381 | D:2      | Reached skill level 1 in Conjurations
   381 | D:2      | Reached skill level 1 in Hexes
   381 | D:2      | Reached skill level 1 in Summonings
   381 | D:2      | Reached skill level 1 in Necromancy
   381 | D:2      | Reached skill level 1 in Translocations
   381 | D:2      | Reached skill level 1 in Transmutations
   381 | D:2      | Reached skill level 1 in Fire Magic
   381 | D:2      | Reached skill level 1 in Ice Magic
   381 | D:2      | Reached skill level 1 in Air Magic
   381 | D:2      | Reached skill level 1 in Earth Magic
   381 | D:2      | Reached skill level 1 in Poison Magic
   381 | D:2      | Reached skill level 1 in Invocations
   381 | D:2      | Reached skill level 1 in Evocations
   381 | D:2      | Reached XP level 4. HP: 24/38 MP: 0/11
   443 | D:3      | Found a sacrificial altar of Ru.
   638 | D:4      | Reached XP level 5. HP: 42/43 MP: 8/12
   643 | D:4      | Learned a level 3 spell: Regeneration
   647 | D:4      | Learned a level 3 spell: Spectral Weapon
   708 | D:4      | Noticed Hasart's ghost (novice OpFi)
   744 | D:4      | Killed Hasart's ghost
   744 | D:4      | Reached skill level 5 in Fighting
   744 | D:4      | Reached skill level 2 in Short Blades
   744 | D:4      | Reached skill level 2 in Long Blades
   744 | D:4      | Reached skill level 5 in Axes
   744 | D:4      | Reached skill level 2 in Maces & Flails
   744 | D:4      | Reached skill level 2 in Polearms
   744 | D:4      | Reached skill level 2 in Staves
   744 | D:4      | Reached skill level 2 in Slings
   744 | D:4      | Reached skill level 2 in Bows
   744 | D:4      | Reached skill level 2 in Crossbows
   744 | D:4      | Reached skill level 2 in Throwing
   744 | D:4      | Reached skill level 3 in Armour
   744 | D:4      | Reached skill level 5 in Dodging
   744 | D:4      | Reached skill level 2 in Stealth
   744 | D:4      | Reached skill level 2 in Shields
   744 | D:4      | Reached skill level 2 in Unarmed Combat
   744 | D:4      | Reached skill level 2 in Conjurations
   744 | D:4      | Reached skill level 2 in Hexes
   744 | D:4      | Reached skill level 2 in Summonings
   744 | D:4      | Reached skill level 2 in Necromancy
   744 | D:4      | Reached skill level 2 in Translocations
   744 | D:4      | Reached skill level 2 in Transmutations
   744 | D:4      | Reached skill level 2 in Fire Magic
   744 | D:4      | Reached skill level 2 in Ice Magic
   744 | D:4      | Reached skill level 2 in Air Magic
   744 | D:4      | Reached skill level 2 in Earth Magic
   744 | D:4      | Reached skill level 2 in Poison Magic
   744 | D:4      | Reached skill level 2 in Invocations
   744 | D:4      | Reached skill level 2 in Evocations
   744 | D:4      | Reached XP level 6. HP: 51/51 MP: 10/14
   744 | D:4      | Reached XP level 7. HP: 56/56 MP: 10/15
   775 | D:4      | Found a shimmering altar of Xom.
   813 | D:5      | Entered Level 5 of the Dungeon
   825 | D:5      | Reached skill level 7 in Charms
   942 | D:5      | Noticed Sigmund
   956 | D:5      | Killed Sigmund
  1051 | D:5      | Found a runed door.
  1058 | D:5      | Noticed Crazy Yiuf
  1066 | D:5      | Killed Crazy Yiuf
  1066 | D:5      | Reached XP level 8. HP: 57/63 MP: 8/16
  1133 | D:6      | Found a radiant altar of Vehumet.
  1182 | D:6      | Reached skill level 3 in Short Blades
  1182 | D:6      | Reached skill level 3 in Long Blades
  1182 | D:6      | Reached skill level 3 in Maces & Flails
  1182 | D:6      | Reached skill level 3 in Polearms
  1182 | D:6      | Reached skill level 3 in Staves
  1182 | D:6      | Reached skill level 3 in Slings
  1182 | D:6      | Reached skill level 3 in Bows
  1182 | D:6      | Reached skill level 3 in Crossbows
  1182 | D:6      | Reached skill level 3 in Throwing
  1182 | D:6      | Reached skill level 4 in Armour
  1182 | D:6      | Reached skill level 3 in Stealth
  1182 | D:6      | Reached skill level 3 in Shields
  1182 | D:6      | Reached skill level 3 in Unarmed Combat
  1182 | D:6      | Reached skill level 3 in Conjurations
  1182 | D:6      | Reached skill level 3 in Hexes
  1182 | D:6      | Reached skill level 3 in Summonings
  1182 | D:6      | Reached skill level 3 in Necromancy
  1182 | D:6      | Reached skill level 3 in Translocations
  1182 | D:6      | Reached skill level 3 in Transmutations
  1182 | D:6      | Reached skill level 3 in Fire Magic
  1182 | D:6      | Reached skill level 3 in Ice Magic
  1182 | D:6      | Reached skill level 3 in Air Magic
  1182 | D:6      | Reached skill level 3 in Earth Magic
  1182 | D:6      | Reached skill level 3 in Poison Magic
  1182 | D:6      | Reached skill level 3 in Invocations
  1182 | D:6      | Reached skill level 3 in Evocations
  1191 | D:6      | Reached skill level 6 in Spellcasting
  1197 | D:6      | Slain by an ice beast

Vault maps used:
D:1:      sevenhm_arrival_forest_fort_large_4
D:2:      minmay_diamond_boxcup, first_bread, uniq_terence, uniq_natasha
D:3:      grunt_gozag_statues, nicolae_ru_awakened_eye
D:4:      lemuel_doored_altar
D:5:      minmay_temple_entry_trees, elyvilon_altar_3, uniq_pikel,
          uniq_blork_the_orc, uniq_sigmund, uniq_crazy_yiuf_cottage
D:6:      vehumet_statue, tgw_trog, serial_shops, shop, minivault_25

Skill      XL: |  1  2  3  4  5  6  7  8 |
---------------+-------------------------+-----
Spellcasting   | 5 6 |  6.0
Short Blades   | 1 2 3 |  3.2
Long Blades    | 1 2 3 |  3.2
Maces & Flails | 1 2 3 |  3.2
Polearms       | 1 2 3 |  3.2
Staves         | 1 2 3 |  3.2
Slings         | 1 2 3 |  3.2
Bows           | 1 2 3 |  3.2
Crossbows      | 1 2 3 |  3.2
Throwing       | 1 2 3 |  3.2
Stealth        | 1 2 3 |  3.2
Shields        | 1 2 3 |  3.2
Unarmed Combat | 1 2 3 |  3.2
Conjurations   | 1 2 3 |  3.2
Hexes          | 1 2 3 |  3.2
Summonings     | 1 2 3 |  3.2
Necromancy     | 1 2 3 |  3.2
Translocations | 1 2 3 |  3.2
Transmutations | 1 2 3 |  3.2
Fire Magic     | 1 2 3 |  3.2
Ice Magic      | 1 2 3 |  3.2
Air Magic      | 1 2 3 |  3.2
Earth Magic    | 1 2 3 |  3.2
Poison Magic   | 1 2 3 |  3.2
Invocations    | 1 2 3 |  3.2
Evocations     | 1 2 3 |  3.2
Fighting       | 5 |  5.6
Axes           | 5 |  5.6
Armour         | 3 4 |  4.1
Dodging        | 5 |  5.6
Charms         | 7 |  7.3

Action                   |  1- 3 |  4- 6 |  7- 9 || total
-------------------------+-------+-------+-------++-------
Melee: Hand axe          |    52 |    40 |   120 ||   212
       Bite              |     2 |     7 |    15 ||    24
       Unarmed           |       |       |    13 ||    13
       Punch             |       |       |     1 ||     1
 Cast: Infusion          |     3 |     5 |       ||     8
       Song of Slaying   |     5 |       |       ||     5
       Spectral Weapon   |       |     2 |    11 ||    13
       Shroud of Golubri |       |     1 |     2 ||     3
       Regeneration      |       |       |     4 ||     4
  Use: Potion            |       |     5 |     3 ||     8
 Stab: Invisible         |       |     3 |       ||     3
       Distracted        |       |       |     1 ||     1
       Sleeping          |       |       |     1 ||     1
  Eat: Fruit             |       |       |     1 ||     1
       Chunk             |       |       |     1 ||     1
Armor: Leather armour    |     3 |       |       ||     3
       Ring mail         |    15 |    10 |    44 ||    69
       Skin              |       |       |    86 ||    86
Dodge: Dodged            |    43 |    28 |    74 ||   145

Table legend:
 A = Spawn XP
 B = Non-spawn XP
 C = Spawn XP percentage of total XP
 D = Spawn monster count
 E = Non-spawn monster count
 F = Spawn count percentage of total count
 G = Total turns spent on level
                    A         B        C        D         E        F      G
               +---------+---------+-------+---------+---------+-------+---------
         Total |       0 |    1666 |   0.0 |       0 |      58 |   0.0 |  1197
               +---------+---------+-------+---------+---------+-------+---------
           D:1 |       0 |      19 |   0.0 |       0 |      11 |   0.0 |   228
           D:2 |       0 |      66 |   0.0 |       0 |       8 |   0.0 |   133
           D:3 |       0 |       8 |   0.0 |       0 |       5 |   0.0 |   170
           D:4 |       0 |     602 |   0.0 |       0 |       7 |   0.0 |   282
           D:5 |       0 |     524 |   0.0 |       0 |      18 |   0.0 |   320
           D:6 |       0 |     447 |   0.0 |       0 |       9 |   0.0 |    64
               +---------+---------+-------+---------+---------+-------+---------

Table legend:
 A = Turns spent in this place as a percentage of turns spent in the entire game.
 B = Non-inter-level travel turns spent in this place as a percentage of non-inter-level travel turns spent in the entire game.
 C = Inter-level travel turns spent in this place as a percentage of turns spent in this place.
 D = Turns resting spent in this place as a percentage of non-inter-level travel turns spent in this place.
 E = Turns spent auto-exploring this place as a percentage of non-inter-level travel turns spent in this place.
 F = Non-inter-level travel turns spent in this place divided by the number of levels of this place that you've seen.
                   A       B       C       D       E      F
               +-------+-------+-------+-------+-------+----------------------
         Total | 100.0 | 100.0 |   4.2 |   0.0 |   0.0 | 191.2
       Dungeon | 100.0 | 100.0 |   4.2 |   0.0 |   0.0 | 191.2
               +-------+-------+-------+-------+-------+----------------------

Table legend:
 A = Kills in this place as a percentage of kills in entire the game.
 B = Kills by you in this place as a percentage of kills by you in the entire game.
 C = Kills by friends in this place as a percentage of kills by friends in the entire game.
 D = Other kills in this place as a percentage of other kills in the entire game.
 E = Experience gained in this place as a percentage of experience gained in the entire game.
 F = Experience gained in this place divided by the number of levels of this place that you have seen.
                   A       B       C       D       E      F
               +-------+-------+-------+-------+-------+----------------------
         Total | 100.0 | 100.0 |   N/A |   N/A | 100.0 | 277.7
       Dungeon | 100.0 | 100.0 |   N/A |   N/A | 100.0 | 277.7
               +-------+-------+-------+-------+-------+----------------------

Vault maps used:
D:1:      sevenhm_arrival_forest_fort_large_4
D:2:      minmay_diamond_boxcup, first_bread, uniq_terence, uniq_natasha
D:3:      grunt_gozag_statues, nicolae_ru_awakened_eye
D:4:      lemuel_doored_altar
D:5:      minmay_temple_entry_trees, elyvilon_altar_3, uniq_pikel,
          uniq_blork_the_orc, uniq_sigmund, uniq_crazy_yiuf_cottage
D:6:      vehumet_statue, tgw_trog, serial_shops, shop, minivault_25
